 Dungeon Crawl Stone Soup version 0.29-a0-845-g6161e89988 (webtiles) character file.

Game seed: 17408358493886686449

68 kevlar127 the Ruffian (level 4, -2/67 HPs)
             Began as a Troll Berserker on July 15, 2022.
             Was a Follower of Trog.
             Slain by a gnoll
             ... wielding a +0 spear
             ... led by a gnoll bouda
              (4 damage)
             ... on level 2 of the Dungeon.
             The game lasted 00:02:22 (1049 turns).

kevlar127 the Ruffian (Troll Berserker)             Turns: 1049, Time: 00:02:22

Health: -2/67      AC:  4    Str: 27    XL:     4   Next: 1%
Magic:  3/3        EV: 10    Int:  3    God:    Trog [*.....]
Gold:   76         SH:  0    Dex:  9    Spells: 3/3 levels left

rFire   . . .      SeeInvis .     - Unarmed
rCold   . . .      Faith    .   (no shield)
rNeg    . . .      Spirit   .   a - +0 animal skin
rPois   .          Reflect  .   (helmet restricted)
rElec   .          Harm     .   (no cloak)
rCorr   .          Rampage  .   (gloves unavailable)
Will    .....                   (boots unavailable)
Stlth   ..........              (no amulet)
HPRegen 1.01/turn               (no ring)
MPRegen 0.08/turn               (no ring)

@: berserking, weakened, very quick
A: large, unfitting armour, claws 3, regeneration 1, shaggy fur 1, tough skin 1
a: Renounce Religion, Berserk


You were on level 2 of the Dungeon.
You worshipped Trog.
Trog was aware of your devotion.
You visited 1 branch of the dungeon, and saw 2 of its levels.

You collected 76 gold pieces.

Inventory:

Missiles
 c - 19 stones (quivered)
 e - 3 large rocks
Armour
 a - a +0 animal skin (worn)
Jewellery
 g - a +6 ring of intelligence
Scrolls
 f - a scroll of noise {unknown}
Potions
 b - a potion of haste {unknown}
 d - a potion of lignification {unknown}


   Skills:
 + Level 3.1 Fighting
 - Level 3.0 Dodging
 + Level 3.8 Unarmed Combat


You had 3 spell levels left.
You didn't know any spells.
Your spell library was empty.

Dungeon Overview and Level Annotations

Branches:
Dungeon (2/15)

Altars:


Innate Abilities, Weirdness & Mutations

You are too large for most types of armour.
You have claws for hands.
Your natural rate of healing is unusually fast.
You are covered in fur. (AC +1)
You have tough skin. (AC +1)


Message History

A red film seems to cover your vision as you go berserk!
You feel yourself moving faster!
You feel mighty! The gnoll barely misses you.
The gnoll bouda gazes fiercely through you!
You feel as though you will be weak longer.
The gnoll bouda hits you with a +0 club.
The gnoll hits you from afar with a +0 spear.
The gnoll barely misses you.
You claw the gnoll bouda!
The gnoll bouda is severely wounded.
The gnoll hits you but does no damage.
The gnoll bouda gazes fiercely through you!
You feel as though you will be weak longer.
The gnoll bouda barely misses you. The gnoll hits you with a +0 whip!
* * * LOW HITPOINT WARNING * * *
You claw the gnoll bouda!
You kill the gnoll bouda!
Trog accepts your kill. The gnoll closely misses you.
Training target 3.0 for Dodging reached!
Your Fighting skill increases to level 3!
Your Dodging skill increases to level 3!
You scratch the gnoll.
The gnoll is moderately wounded.
The gnoll hits you with a +0 whip.
* * * LOW HITPOINT WARNING * * *
The gnoll barely misses you. x2
You claw the gnoll!
The gnoll is severely wounded.
The gnoll hits you from afar with a +0 spear.
* * * LOW HITPOINT WARNING * * *
The gnoll hits you with a +0 whip.
* * * LOW HITPOINT WARNING * * *
You claw the gnoll!
You kill the gnoll!
Trog accepts your kill.
The gnoll hits you from afar with a +0 spear.
* * * LOW HITPOINT WARNING * * *
You have reached level 4!
The gnoll hits you from afar with a +0 spear.
You die...

..... .... ...
###.######## ..
#..........#
....###..........####
...........[.....#..
..##@.........#.#
.....gg.).....)..#.###
...#..g...#..........#
#....#.#..†.......#
...............###.###
...........#.##.# #.#..
..........#........#.#..
.#.....##.#...#.##.#.##.
#.. #.#####.# .#....


You could see 3 gnolls.

Vanquished Creatures
  A gnoll bouda (D:2)
  A gnoll (D:2)
  A bat (D:1)
  3 endoplasms (D:1)
  A giant cockroach (D:1)
  3 goblins
  3 hobgoblins (D:1)
  3 quokkas
  2 ball pythons (D:1)
  A frilled lizard (D:1)
  5 kobolds (D:1)
  3 rats (D:1)
  5 bushes (D:1)
32 creatures vanquished.

Vanquished Creatures (others)
  2 plants (D:1)
2 creatures vanquished.

Grand Total: 34 creatures vanquished

Notes
Turn   | Place    | Note
-------+----------+-------------------------------------------
     0 | D:1      | kevlar127 the Troll Berserker began the quest for the Orb.
     0 | D:1      | Reached XP level 1. HP: 22/22 MP: 0/0
   101 | D:1      | Reached XP level 2. HP: 27/29 MP: 1/1
  1031 | D:2      | Reached XP level 3. HP: 36/36 MP: 2/2
  1048 | D:2      | HP: 1/55 [gnoll/+0 spear[a gnoll bouda] (4)]
  1049 | D:2      | Reached XP level 4. HP: 1/45 MP: 3/3
  1049 | D:2      | Slain by a gnoll

Illustrated notes

Levels and vault maps discovered:
D:1:      ebering_trefoil_3fold, layout_rooms, serial_forest,
          infiniplex_forest_lined_3_way, infiniplex_forest_straight_3,
          infiniplex_forest_pool, infiniplex_forest_end_1,
          infiniplex_forest_clump_small, infiniplex_forest_clump_double,
          infiniplex_forest_clump_tiny, chequers_serial_rivers_small_b,
          moated_statue
D:2:      layout_basic, shapermc_ecumenical_altar_notcrosses,
          lexackson_kobold_supper, uniq_jessica, uniq_natasha

Skill      XL: |  1  2  3 |
---------------+----------+-----
Fighting       | 3 |  3.1
Dodging        | 3 |  3.0
Unarmed Combat | |  3.8

Action                   |  1- 3 |  4- 6 || total
-------------------------+-------+-------++-------
Melee: Unarmed           |   266 |       ||   266
       Punch             |    11 |       ||    11
Invok: Berserk           |     1 |       ||     1
Armor: Animal skin       |    23 |       ||    23
Dodge: Dodged            |    47 |       ||    47

Table legend: (Time is in decaauts)
 A = Elapsed time spent in this place.
 B = Non-inter-level travel time spent in this place.
 C = Inter-level travel time spent in this place.
 D = Time resting spent in this place.
 E = Time spent auto-exploring this place.
 F = Levels seen in this place.
 G = Mean time per level.
                   A        B        C        D        E       F      G
               +--------+--------+--------+--------+--------+-----+--------+
         Total |   1034 |   1014 |     20 |      0 |    573 |   2 |  517.0 |
       Dungeon |   1034 |   1014 |     20 |      0 |    573 |   2 |  517.0 |
               +--------+--------+--------+--------+--------+-----+--------+

Top non-repeatable levels by time:
     D:1: 981 daAuts
     D:2: 53 daAuts
